 Dungeon Crawl Stone Soup version 0.22-a0-567-gff9aefc (webtiles) character file.

244 Hebeh the Chopper (level 5, -1/47 HPs)
             Began as a Minotaur Fighter on June 29, 2018.
             Slain by kae's ghost (4 damage)
             ... on level 3 of the Dungeon.
             The game lasted 00:05:40 (2459 turns).

Hebeh the Chopper (Minotaur Fighter)                Turns: 2459, Time: 00:05:41

Health: -1/47      AC: 10    Str: 22    XL:     5   Next: 83%
Magic:  4/4        EV:  7    Int:  5    God:
Gold:   112        SH:  9    Dex:  9    Spells: 4/4 levels left

rFire    . . .     SeeInvis .   a - +0 war axe
rCold    . . .     Gourm    .   c - +0 shield
rNeg     . . .     Faith    .   b - +0 scale mail
rPois    .         Spirit   .   (helmet restricted)
rElec    .         Reflect  .   p - +1 cloak
rCorr    .         Harm     .   i - +0 pair of gloves
MR       .....                  (no boots)
Stlth    ..........             (no amulet)
HPRegen  0.15/turn              k - +2 ring of slaying
MPRegen  0.09/turn              (no ring)

@: no status effects
A: retaliatory headbutt, horns 2
a: no special abilities


You were on level 3 of the Dungeon.
You were not hungry.

You visited 1 branch of the dungeon, and saw 3 of its levels.

You collected 112 gold pieces.

Inventory:

Hand Weapons
 a - a +0 war axe (weapon)
Armour
 b - a +0 scale mail (worn)
 c - a +0 shield (worn)
 i - a +0 pair of gloves (worn)
 p - a +1 cloak (worn)
Jewellery
 k - a +2 ring of slaying (left hand)
 s - an uncursed ring of protection from fire {unknown}
Wands
 t - a wand of polymorph (16)
Scrolls
 h - a scroll of fear {unknown}
 l - a scroll of remove curse {unknown}
 m - 2 scrolls of enchant weapon {unknown}
 n - 6 scrolls of identify {unknown}
 q - a scroll of enchant armour {unknown}
 r - 2 scrolls of teleportation {unknown}
Potions
 d - 3 potions of might
 e - a potion of agility {unknown}
 g - a potion of curing {unknown}
 o - a potion of flight {unknown}
Comestibles
 f - 3 rations


   Skills:
 + Level 4.9 Fighting
 * Level 5.0 Axes
 + Level 4.7 Armour
 + Level 4.7 Shields


You had 4 spell levels left.
You didn't know any spells.
Your spell library was empty.

Dungeon Overview and Level Annotations

Branches:
Dungeon (3/15)

Altars:
Elyvilon
Sif Muna

Annotations:
D:3 kae's ghost, amateur MfIE


Innate Abilities, Weirdness & Mutations

You reflexively headbutt those who attack you in melee.
You have a pair of horns on your head.


Message History

You are frozen.
* * * LOW HITPOINT WARNING * * *
Unknown command.
You hit kae's ghost.
Kae's ghost is almost destroyed.
You barely miss the water moccasin skeleton.
You hit the hound zombie.
The hound zombie bites you but does no damage.
The water moccasin skeleton bites you.
* * * LOW HITPOINT WARNING * * *
Kae's ghost hits you but does no damage.
Unknown command.
You barely miss kae's ghost.
Kae's ghost is almost destroyed.
You hit the hound zombie.
Your shield and scale mail prevent you from hitting the water moccasin skeleton.
The hound zombie bites you but does no damage.
The water moccasin skeleton barely misses you.
Kae's ghost hits you.
You die...

##### #.##...........##.####
....# #########..(...##.#
....########..#.#..#......##.#
...........##.$?..##'#..####.###
#..........#.......#.#.......#.#
#..........##.....##.##.######.#
#..........#....Z..#......# #.#
#..........###'ZW###......# #.#
#..............Z@.........# #.#
#............#..##........# #.#
#................########.####.#
#.............)..# #......#
#................# ########
#........).......# #...#
#############....# #.#.# #....#
#.#.# #....########.#.#


You could see kae's ghost, a hound zombie, a leopard gecko skeleton and a water
moccasin skeleton.

Vanquished Creatures
  A bullfrog (D:3)
  Natasha (thrice) (D:3)
  2 adders (D:3)
  An ooze (D:1)
  An adder skeleton (D:3)
  2 worms (D:3)
  2 dart slugs
  A leopard gecko (D:1)
  2 orcs
  9 bats
  7 giant cockroaches
  6 goblins
  9 hobgoblins
  3 jackals (D:1)
  2 quokkas
  3 ball pythons
  6 frilled lizards
  3 kobolds
  10 rats
73 creatures vanquished.

Notes
Turn   | Place    | Note
-------+----------+-------------------------------------------
     0 | D:1      | Hebeh the Minotaur Fighter began the quest for the Orb.
     0 | D:1      | Reached XP level 1. HP: 19/19 MP: 0/0
   197 | D:1      | Reached XP level 2. HP: 27/27 MP: 1/1
   368 | D:1      | Reached skill level 3 in Axes
   580 | D:1      | Reached XP level 3. HP: 28/33 MP: 2/2
   985 | D:2      | Found a white marble altar of Elyvilon.
  1558 | D:3      | Found a runed gate.
  1558 | D:3      | Found a runed gate.
  1558 | D:3      | Found a runed gate.
  1558 | D:3      | Noticed kae's ghost (amateur MfIE)
  1561 | D:3      | Noticed a bullfrog
  1567 | D:3      | Killed a bullfrog
  1567 | D:3      | Reached skill level 4 in Axes
  1567 | D:3      | Reached XP level 4. HP: 41/41 MP: 3/3
  1652 | D:3      | Found a deep blue altar of Sif Muna.
  1657 | D:3      | Reached XP level 5. HP: 47/47 MP: 4/4
  1660 | D:3      | Noticed Natasha
  1670 | D:3      | Killed Natasha
  1788 | D:3      | Noticed Natasha
  1793 | D:3      | Killed Natasha
  1959 | D:3      | Noticed Natasha
  1966 | D:3      | Killed Natasha
  1966 | D:3      | Reached skill level 5 in Axes
  2459 | D:3      | Slain by kae's ghost

Vault maps used:
D:1:      minmay_arrival_widening_spiral_wide
D:2:      elyvilon_altar_1
D:3:      lemuel_round_altar, gammafunk_ghost_necromancy, uniq_natasha

Skill      XL: |  1  2  3  4  5 |
---------------+----------------+-----
Axes           | 3 4 5 |  5.0
Fighting       | 4 |  4.9
Shields        | 4 |  4.7
Armour         | 4 |  4.7

Action                   |  1- 3 |  4- 6 || total
-------------------------+-------+-------++-------
Melee: War axe           |   117 |    61 ||   178
       Headbutt          |    16 |    10 ||    26
  Eat: Chunk             |     2 |     3 ||     5
Armor: Scale mail        |    67 |    33 ||   100
Dodge: Dodged            |    43 |    26 ||    69
Block: Shield            |    72 |    33 ||   105

Table legend:
 A = Spawn XP
 B = Non-spawn XP
 C = Spawn XP percentage of total XP
 D = Spawn monster count
 E = Non-spawn monster count
 F = Spawn count percentage of total count
 G = Total turns spent on level
                    A         B        C        D         E        F      G
               +---------+---------+-------+---------+---------+-------+---------
         Total |       0 |     349 |   0.0 |       0 |      73 |   0.0 |  2459
               +---------+---------+-------+---------+---------+-------+---------
           D:1 |       0 |      43 |   0.0 |       0 |      21 |   0.0 |   964
           D:2 |       0 |      32 |   0.0 |       0 |      19 |   0.0 |   502
           D:3 |       0 |     274 |   0.0 |       0 |      33 |   0.0 |   993
               +---------+---------+-------+---------+---------+-------+---------
